 Dungeon Crawl Stone Soup version 0.29.0-4-gdea44cf6ec (webtiles) character file.

Game seed: 7995184354908437389

137 qw the Chopper (level 5, -2/41 HPs)
             Began as a Ghoul Summoner on Sept 9, 2022.
             Killed by divine providence
             ... invoked by an orc priest
              (14 damage)
             ... on level 3 of the Dungeon.
             The game lasted 00:01:05 (2711 turns).

qw the Chopper (Ghoul Summoner)                     Turns: 2711, Time: 00:01:06

Health: -2/41      AC:  6    Str: 13 (14) XL:     5   Next: 20%
Magic:  6/6        EV:  9    Int:  8 (10) God:
Gold:   111        SH:  0    Dex: 15      Spells: 6/7 levels left

rFire   . . .      SeeInvis .   Y - +0 hand axe
rCold   + . .      Faith    .   (no shield)
rNeg    + + +      Spirit   .   a - +0 scale mail
rPois   inf        Reflect  .   (no helmet)
rElec   .          Harm     .   (no cloak)
rCorr   .          Rampage  .   (no gloves)
Will    .....                   (no boots)
Stlth   +.........              (no amulet)
HPRegen 0.00/turn               e - +6 ring of dexterity
MPRegen 0.10/turn               (no ring)

@: inhibited regen
A: claws 1, cold resistance 1, negative energy resistance 3, inhibited
regeneration, torment resistance 2, devour on kill
a: no special abilities


You were on level 3 of the Dungeon.
You visited 1 branch of the dungeon, and saw 3 of its levels.

You collected 111 gold pieces.


Innate Abilities, Weirdness & Mutations

You are immune to poison.
You have sharp fingernails.
Your flesh is cold resistant. (rC+)
You are immune to negative energy. (rN+++)
You do not regenerate when monsters are visible.
You are immune to unholy pain and torment.
You thrive by killing the living.


   Skills:
 - Level 2.0 Fighting
 + Level 3.8 Axes
 - Level 1.7 Dodging
 - Level 2.1 Stealth
 - Level 1.7 Spellcasting
 - Level 3.6 Summonings


You had 6 spell levels left.
You knew the following spells:

 Your Spells              Type           Power      Damage    Failure   Level
a - Summon Small Mammal   Summ           24%        N/A       38%         1

Your spell library contained the following spells:

 Spells                   Type           Power      Damage    Failure   Level
 Call Imp                 Summ           6%         N/A       54%         2
 Call Canine Familiar     Summ           6%         N/A       77%         3
 Summon Guardian Golem    Hex/Summ       3%         N/A       95%         3
 Summon Lightning Spire   Summ/Air       3%         N/A       100%        4

Inventory:

Hand Weapons
 n - a +0 whip
 Y - a +0 hand axe (weapon)
Armour
 a - a +0 scale mail (worn)
Jewellery
 e - a +6 ring of dexterity (left claw)
Scrolls
 c - a scroll of identify
 i - a scroll of fear {unknown}
Potions
 b - 2 potions of heal wounds
 d - a potion of curing
 f - a potion of attraction {unknown}
 g - a potion of might
 h - a potion of lignification {unknown}

Dungeon Overview and Level Annotations

Branches:
Dungeon (3/15)

Altars:
Vehumet

Annotations:
D:3 2 transporters, qw's ghost, amateur DsCA


Message History

The necrophage is almost destroyed.
The necrophage hits you but does no damage.
An orc comes into view. It is wielding a +0 hand axe.
The necrophage closely misses you.
You hit the necrophage.
You destroy the necrophage!
You feel your intelligence returning.
You feel your dexterity returning.
Your Axes skill increases to level 3!
You have reached level 5!
You feel stronger.
You hit the orc.
The orc is moderately wounded.
The orc barely misses you.
An orc comes into view. It is wielding a +0 hand axe.
You barely miss the orc.
The orc is moderately wounded.
The orc shouts!
The orc hits you with a +0 hand axe.
You slash the orc!
You kill the orc!
You completely miss the orc. The orc hits you with a +0 hand axe.
You slash the orc!
You kill the orc!
You start resting.
You hear the slow rusting of a very distant drain.
An orc priest comes into view. It is wielding a +0 mace.
The orc priest shouts!
The orc priest closely misses you.
Things that are here:
a +0 hand axe; a +0 whip; an orc corpse You closely miss the orc priest.
The orc priest hits you with a +0 mace.
You hit the orc priest.
The orc priest is moderately wounded.
The orc priest looks braver for a moment.
You hit the orc priest.
The orc priest is heavily wounded.
The orc priest calls down the wrath of Beogh upon you.
Beogh smites you!
You die...

.#...##.#
.....5#.#
^.W##.5#.#
..#.....#.##
#=..##.##..#
...#...# #
#..##.#.#
#.^.####).#.#
.......@(##.#
##.###o####o#
#. #.# .. ..#
##. n. ##


You could see an orc priest.

Vanquished Creatures
  A necrophage (D:3)
  An adder (D:2)
  A worm (D:2)
  A dart slug (D:2)
  4 orcs (D:3)
  4 ball pythons
  2 endoplasms
  2 giant cockroaches
  2 goblins (D:2)
  2 hobgoblins (D:3)
  2 kobolds (D:1)
  2 bats
  A frilled lizard (D:2)
  A rat (D:2)
26 creatures vanquished.

Vanquished Creatures (collateral kills)
  2 adders (D:2)
  A ball python (D:1)
  A goblin (D:1)
  2 hobgoblins (D:1)
  A kobold (D:2)
  A rat (D:1)
8 creatures vanquished.

Grand Total: 34 creatures vanquished

Notes
Turn   | Place    | Note
-------+----------+-------------------------------------------
     0 | D:1      | qw the Ghoul Summoner began the quest for the Orb.
     0 | D:1      | Reached XP level 1. HP: 14/14 MP: 2/2
     0 | D:1      | 0 ||| qw: Version: 0.1-a-113-g051387a
     0 | D:1      | 0 ||| qw: Game counter: 7307
     0 | D:1      | 0 ||| qw: Always use a shield: true
     0 | D:1      | 0 ||| qw: God list: Okawaru
     0 | D:1      | 0 ||| qw: Allow faded altars: false
     0 | D:1      | 0 ||| qw: Do Orc after D:15 true
     0 | D:1      | 0 ||| qw: Do second Lair branch before Depths: true
     0 | D:1      | 0 ||| qw: Lair rune preference: random
     0 | D:1      | 0 ||| qw: Plans: Normal
     0 | D:1      | 0 ||| PLANNING D:1-11
    25 | D:1      | 25 ||| CASTING Summon Small Mammal
    26 | D:1      | 26 ||| CASTING Summon Small Mammal
    53 | D:1      | 53 ||| Wielding weapon +1 short sword of speed.
    60 | D:1      | 60 ||| CASTING Summon Small Mammal
    61 | D:1      | 61 ||| CASTING Summon Small Mammal
    73 | D:1      | 73 ||| CASTING Summon Small Mammal
   116 | D:1      | 116 ||| Stepping ~*~*~tactically~*~*~ (stealth).
   117 | D:1      | 117 ||| Stepping ~*~*~tactically~*~*~ (stealth).
   120 | D:1      | 120 ||| CASTING Summon Small Mammal
   121 | D:1      | 121 ||| CASTING Summon Small Mammal
   127 | D:1      | Reached skill level 1 in Axes
   284 | D:1      | 284 ||| CASTING Summon Small Mammal
   285 | D:1      | 285 ||| CASTING Summon Small Mammal
   297 | D:1      | 297 ||| CASTING Summon Small Mammal
   301 | D:1      | 301 ||| Stepping ~*~*~tactically~*~*~ (stealth).
   306 | D:1      | Reached skill level 1 in Fighting
   306 | D:1      | Reached XP level 2. HP: 17/23 MP: 0/3
   313 | D:1      | 313 ||| CASTING Summon Small Mammal
   432 | D:1      | 432 ||| SWAPPING to +0 hand axe.
   433 | D:1      | 433 ||| DROPPING +1 short sword of speed.
   521 | D:1      | 521 ||| CASTING Summon Small Mammal
   523 | D:1      | 523 ||| CASTING Summon Small Mammal
   525 | D:1      | 525 ||| CASTING Summon Small Mammal
   575 | D:1      | 575 ||| CASTING Summon Small Mammal
   576 | D:1      | 576 ||| CASTING Summon Small Mammal
   577 | D:1      | 577 ||| CASTING Summon Small Mammal
   667 | D:1      | 667 ||| DROPPING +0 club.
   700 | D:1      | 700 ||| CASTING Summon Small Mammal
   701 | D:1      | 701 ||| CASTING Summon Small Mammal
   702 | D:1      | 702 ||| CASTING Summon Small Mammal
   713 | D:1      | 713 ||| CASTING Summon Small Mammal
   787 | D:1      | Found a faded altar of an unknown god.
   886 | D:1      | Found a radiant altar of Vehumet.
   889 | D:1      | 889 ||| UPGRADING to +0 ring mail.
   899 | D:1      | 899 ||| DROPPING +0 robe.
   900 | D:1      | 900 ||| READING scroll labelled AQUYLE MUXKI.
  1001 | D:1      | 1001 ||| READING scroll labelled ISYEQ BUSIT.
  1002 | D:1      | 1002 ||| READING scroll labelled AJEBIMM YGETS.
  1005 | D:1      | 1005 ||| READING scroll labelled SUTEDU ANGOM.
  1006 | D:1      | 1006 ||| READING scroll labelled ATOIZ CEFA.
  1007 | D:1      | 1007 ||| READING scroll labelled EKUTWA ADOONA.
  1008 | D:1      | 1008 ||| DRINKING 2 fizzy black potions.
  1009 | D:1      | 1009 ||| DRINKING 2 yellow potions.
  1010 | D:1      | 1010 ||| DROPPING potion of magic.
  1011 | D:1      | 1011 ||| DROPPING potion of degeneration.
  1046 | D:2      | 1046 ||| CASTING Summon Small Mammal
  1047 | D:2      | 1047 ||| CASTING Summon Small Mammal
  1048 | D:2      | 1048 ||| CASTING Summon Small Mammal
  1093 | D:2      | 1093 ||| CASTING Summon Small Mammal
  1094 | D:2      | 1094 ||| CASTING Summon Small Mammal
  1095 | D:2      | 1095 ||| CASTING Summon Small Mammal
  1116 | D:2      | Reached XP level 3. HP: 18/28 MP: 2/4
  1234 | D:2      | 1234 ||| Stepping ~*~*~tactically~*~*~ (stealth).
  1235 | D:2      | 1235 ||| Stepping ~*~*~tactically~*~*~ (stealth).
  1237 | D:2      | 1237 ||| CASTING Summon Small Mammal
  1238 | D:2      | 1238 ||| CASTING Summon Small Mammal
  1239 | D:2      | 1239 ||| CASTING Summon Small Mammal
  1240 | D:2      | 1240 ||| CASTING Summon Small Mammal
  1293 | D:2      | 1293 ||| CASTING Summon Small Mammal
  1409 | D:2      | 1409 ||| CASTING Summon Small Mammal
  1410 | D:2      | 1410 ||| CASTING Summon Small Mammal
  1434 | D:2      | 1434 ||| CASTING Summon Small Mammal
  1435 | D:2      | 1435 ||| CASTING Summon Small Mammal
  1436 | D:2      | 1436 ||| CASTING Summon Small Mammal
  1437 | D:2      | 1437 ||| CASTING Summon Small Mammal
  1481 | D:2      | 1481 ||| CASTING Summon Small Mammal
  1482 | D:2      | 1482 ||| CASTING Summon Small Mammal
  1483 | D:2      | 1483 ||| CASTING Summon Small Mammal
  1484 | D:2      | 1484 ||| CASTING Summon Small Mammal
  1531 | D:2      | 1531 ||| CASTING Summon Small Mammal
  1532 | D:2      | 1532 ||| CASTING Summon Small Mammal
  1553 | D:2      | 1553 ||| CASTING Summon Small Mammal
  1554 | D:2      | 1554 ||| CASTING Summon Small Mammal
  1555 | D:2      | 1555 ||| CASTING Summon Small Mammal
  1556 | D:2      | 1556 ||| CASTING Summon Small Mammal
  1564 | D:2      | 1564 ||| CASTING Summon Small Mammal
  1576 | D:2      | HP: 3/29 [worm (5)]
  1579 | D:2      | HP: 1/29 [worm (2)]
  1964 | D:2      | 1964 ||| Stepping ~*~*~tactically~*~*~ (hiding).
  1966 | D:2      | 1966 ||| CASTING Summon Small Mammal
  1967 | D:2      | 1967 ||| CASTING Summon Small Mammal
  1968 | D:2      | 1968 ||| CASTING Summon Small Mammal
  1969 | D:2      | 1969 ||| CASTING Summon Small Mammal
  2197 | D:2      | 2197 ||| CASTING Summon Small Mammal
  2198 | D:2      | 2198 ||| CASTING Summon Small Mammal
  2199 | D:2      | 2199 ||| CASTING Summon Small Mammal
  2200 | D:2      | 2200 ||| CASTING Summon Small Mammal
  2317 | D:2      | 2317 ||| CASTING Summon Small Mammal
  2318 | D:2      | 2318 ||| CASTING Summon Small Mammal
  2319 | D:2      | 2319 ||| CASTING Summon Small Mammal
  2320 | D:2      | 2320 ||| CASTING Summon Small Mammal
  2328 | D:2      | 2328 ||| CASTING Summon Small Mammal
  2477 | D:2      | Reached XP level 4. HP: 34/36 MP: 5/5
  2518 | D:2      | 2518 ||| UPGRADING to +0 scale mail.
  2528 | D:2      | 2528 ||| DROPPING +0 ring mail.
  2529 | D:2      | 2529 ||| UPGRADING to +6 ring of dexterity.
  2530 | D:2      | 2530 ||| DRINKING 2 smoky puce potions.
  2531 | D:2      | 2531 ||| READING 2 scrolls of identify.
  2531 | D:2      | 2531 ||| IDENTIFYING sedimented purple potion
  2557 | D:3      | 2557 ||| PLANNING SEWER
  2643 | D:3      | Found a transporter.
  2644 | D:3      | Noticed qw's ghost (amateur DsCA)
  2655 | D:3      | Noticed a necrophage
  2656 | D:3      | 2656 ||| Stepping ~*~*~tactically~*~*~ (stealth).
  2659 | D:3      | Found a transporter.
  2681 | D:3      | Killed a necrophage
  2682 | D:3      | Reached skill level 3 in Axes
  2682 | D:3      | Reached XP level 5. HP: 16/41 MP: 6/6
  2711 | D:3      | Killed from afar by an orc priest

Levels and vault maps discovered:
D:1:      dpeg_arrival_water_altar, layout_rooms,
          shapermc_ecumenical_altar_ellora, minmay_misc_feat_enclosed,
          minmay_tetromino_i4
D:2:      layout_loops_cross
D:3:      layout_basic, gammafunk_ghost_stat_death, portal_sewer_entry_e,
          serial_shops, nicolae_diamond_shop, nicolae_shop_crystal,
          kennysheep_cross_bottleneck, uniq_grinder, uniq_terence, uniq_jessica

Skill      XL: |  1  2  3  4 |
---------------+-------------+-----
Axes           | 1 2 3 |  3.8
Fighting       | 1 2 |  2.0
Dodging        | |  1.7
Stealth        | |  2.1
Spellcasting   | |  1.7
Summonings     | |  3.6

Action                   |  1- 3 |  4- 6 || total
-------------------------+-------+-------++-------
Melee: Short sword       |    24 |       ||    24
       Unarmed           |     1 |       ||     1
       Punch             |     1 |       ||     1
       Hand axe          |    91 |    40 ||   131
 Cast: Summon Small Mamm |    54 |       ||    54
  Use: Scroll            |     6 |     1 ||     7
       Potion            |     2 |     1 ||     3
 Stab: Distracted        |     1 |       ||     1
Armor: Robe              |     6 |       ||     6
       Ring mail         |    43 |       ||    43
       Scale mail        |       |    19 ||    19
Dodge: Dodged            |    51 |    22 ||    73

Table legend:
 A = Non-vault XP
 B = Vault XP
 C = Vault XP percentage of total XP
 D = Non-vault monster count
 E = Vault monster count
 F = Vault count percentage of total count
                 A         B        C        D         E       F
            +---------+---------+-------+---------+---------+-------
      Total |     191 |       6 |   3.0 |      31 |       3 |   8.8
            +---------+---------+-------+---------+---------+-------
        D:1 |      14 |       6 |  30.0 |       8 |       3 |  27.3
        D:2 |      62 |       0 |   0.0 |      14 |       0 |   0.0
        D:3 |     115 |       0 |   0.0 |       9 |       0 |   0.0
            +---------+---------+-------+---------+---------+-------
